Sewer Rats vs Thunder
Created - 28 mars 2013 at 19:05
Goals
|
| Sewer Rats |
3 |
1 |
6 |
10 |
| Thunder |
2 |
2 |
1 |
5 |
|
Shots
|
| Sewer Rats |
8 |
13 |
14 |
35 |
| Thunder |
15 |
19 |
5 |
39 |
|
1st period
1. Sewer Rats , Max Pacioretty 16 (Bryan Little) at 7:01
2. Thunder , Adam Hall 25 (Dany Roussin, Derek Peltier) at 9:08 (PP)
3. Thunder , Adam Hall 26 (Dany Roussin, Doug Janik) at 11:16
4. Sewer Rats , Bryan Little 35 (Kyle Okposo) at 12:20
5. Sewer Rats , Max Pacioretty 17 (Bryan Little, Matt Lashoff) at 13:31
Penalties :
John Erskine (Tol) for Hooking (Minor) at 8:35, Derick Brassard (Tol) for Interference (Minor) at 15:48
2nd period
6. Thunder , Scott Parse 12 (Phil Kessel, Shawn Matthias) at 1:23
7. Sewer Rats , Kyle Okposo 15 (Bryan Little, Max Pacioretty) at 4:07
8. Thunder , Pierre-Alexandre Parenteau 19 (Daniel Winnik, Jerred Smithson) at 6:36
Penalties :
Colton Gillies (TRO) for Boarding (Minor) at 9:09
3rd period
9. Sewer Rats , Mark Mancari 17 (Pat Rissmiller) at 2:42
10. Sewer Rats , Max Pacioretty 18 (Bryan Little) at 4:21
11. Sewer Rats , Kyle Okposo 16 (Bryan Little, Max Pacioretty) at 6:13
12. Thunder , Joey Crabb 1 (Ray Macias) at 8:25
13. Sewer Rats , Mark Mancari 18 (Pat Rissmiller, Matt Lashoff) at 11:28
14. Sewer Rats , Bryan Little 36 (Eric Fehr) at 18:23 (PP)
15. Sewer Rats , Kyle Okposo 17 (Bryan Little, Eric Fehr) at 19:15
Penalties :
Shawn Matthias (TRO) for Holding Stick (Minor) at 0:07, Scott Parse (TRO) for Hooking (Minor) at 8:52, Bryan Little (Tol) for Goalie Interference (Minor) at 12:52, Phil Kessel (TRO) for Hooking (Minor) at 18:19
Goalie Stats
Jonas Gustavsson (Tol), 34 saves from 39 shots - (0,872), W, 20-10-2, 60:00 minutes
Adam Munro (TRO), 20 saves from 26 shots - (0,769), L, 16-13-0, 44:21 minutes
Semyon Varlamov (TRO), 5 saves from 9 shots - (0,556), 15:39 minutes
Players Stats for Sewer Rats
Player Name G A P +/- PIM S H SB GA TA FO MP PP MP PK MP
------------------------------------------------------------------------------------
Brandon Sutter 0 0 0 2 0 0 0 1 0 0 5/6 10:50 0:03 2:26
Bryan Little 2 6 8 4 2 6 1 2 1 0 24/44 22:38 3:15 0:44
Derek Dorsett 0 0 0 0 0 0 0 0 0 0 0/0 9:02 0:00 0:00
Derick Brassard 0 0 0 -1 2 1 0 0 0 0 4/11 16:16 2:43 0:09
Eric Fehr 0 2 2 -1 0 4 4 0 0 0 1/2 18:20 3:11 0:00
John Erskine 0 0 0 3 2 1 1 1 0 0 0/0 22:03 2:31 2:29
Jonathan Paiement 0 0 0 0 0 1 0 1 0 0 0/0 16:18 0:00 0:43
Kyle Okposo 3 1 4 4 0 4 0 0 1 0 1/1 19:39 2:43 0:00
Kyle Quincey 0 0 0 0 0 3 1 0 0 0 0/0 21:01 3:43 1:34
Lars Eller 0 0 0 0 0 0 1 0 0 0 2/7 9:02 0:00 0:00
Mark Mancari 2 0 2 2 0 4 0 0 0 0 0/0 9:40 0:07 1:12
Matt Lashoff 0 2 2 3 0 2 3 2 0 1 0/0 22:34 2:18 2:57
Max Pacioretty 3 2 5 4 0 5 2 0 0 1 1/2 21:51 3:11 0:00
Mike Funk 0 0 0 0 0 1 0 0 0 1 0/0 4:42 0:00 0:00
Mike Rathje 0 0 0 2 0 1 3 0 0 3 0/0 21:38 3:30 1:19
Niko Dimitrakos 0 0 0 0 0 0 0 0 0 0 0/0 2:18 0:00 2:18
Pat Rissmiller 0 2 2 2 0 0 2 0 0 1 1/1 9:30 0:07 1:02
Steven Kampfer 0 0 0 2 0 1 0 0 0 0 0/0 11:43 0:00 0:00
Ville Leino 0 0 0 -1 0 0 1 1 0 0 1/1 16:08 2:43 0:00
Vojtech Polak 0 0 0 0 0 1 2 0 1 0 0/0 10:13 0:00 1:11
Players Stats for Thunder
Player Name G A P +/- PIM S H SB GA TA FO MP PP MP PK MP
------------------------------------------------------------------------------------
Adam Hall 2 0 2 1 0 4 2 1 0 0 2/5 16:03 1:05 2:54
Brandon Mashinter 0 0 0 -3 0 2 2 0 0 0 1/3 8:35 0:07 0:00
Brett Festerling 0 0 0 -1 0 1 0 0 0 0 0/0 12:02 0:10 0:00
Casey Pierro-Zabotel 0 0 0 0 0 0 0 0 0 0 0/0 0:00 0:00 0:00
Colby Cohen 0 0 0 1 0 0 1 0 0 0 0/0 4:26 0:00 0:00
Colton Gillies 0 0 0 -3 2 1 1 0 0 0 0/0 8:55 0:07 0:00
Daniel Winnik 0 1 1 1 0 4 0 0 0 0 0/0 14:12 0:59 1:45
Dany Roussin 0 2 2 1 0 0 1 1 1 0 1/1 13:06 1:05 0:00
Derek Peltier 0 1 1 -4 0 3 1 3 0 0 0/0 25:52 3:04 3:39
Doug Janik 0 1 1 -3 0 4 2 3 0 0 0/0 28:22 3:04 3:39
Jannik Hansen 0 0 0 0 0 0 1 0 0 0 0/0 1:56 0:59 0:00
Jerred Smithson 0 1 1 1 0 1 2 0 0 0 3/6 11:31 0:59 0:17
Joey Crabb 1 0 1 -3 0 1 2 2 0 0 0/0 10:04 0:07 1:29
Joey Ryan 0 0 0 -1 0 1 0 1 0 1 0/0 19:00 1:17 2:22
Jon Kalinski 0 0 0 0 0 0 0 0 0 0 0/0 0:00 0:00 0:00
Kelly Zajac 0 0 0 0 0 0 0 0 0 0 0/0 0:00 0:00 0:00
Kevin Montgomery 0 0 0 -1 0 0 0 0 0 1 0/0 11:18 0:10 0:00
Phil Kessel 0 1 1 -4 2 7 1 0 2 1 3/4 19:17 2:20 0:00
Pierre-Alexandre Parente 1 0 1 1 0 6 1 3 1 0 1/1 12:43 0:00 1:44
Ray Macias 0 1 1 -1 0 1 1 1 0 0 0/0 19:00 1:17 2:22
Robin Leblanc 0 0 0 0 0 0 0 0 0 0 0/0 0:00 0:00 0:00
Scott Parse 1 0 1 -4 2 3 2 0 2 0 0/1 22:11 2:20 0:59
Shawn Matthias 0 1 1 -4 2 0 4 0 1 0 17/42 19:19 2:20 0:00
Tom Pyatt 0 0 0 1 0 0 3 1 0 0 7/12 16:03 1:05 2:54
3 Stars
1 - Bryan Little (Tol)
2 - Max Pacioretty (Tol)
3 - Kyle Okposo (Tol)
Power Play
Sewer Rats - 1 on 4 Attempt(s) - 25,00%
Thunder - 1 on 3 Attempt(s) - 33,33%
Penalty Kill
Sewer Rats - 2 on 3 Attempt(s) - 66,67%
- Score 0 goal in Penalty Kill
Thunder - 3 on 4 Attempt(s) - 75,00%
- Score 0 goal in Penalty Kill
Official
Referees : Meier Brad and Auger Stephane
Linesman : Don Henderson and Dan Schachte
Game Notes
Max Pacioretty has scored a Hat Trick!
Semyon Varlamov enters game at 4:21 of 3rd period
Kyle Okposo has scored a Hat Trick!
Sewer Rats
5 vs 5 Forward
Center Left Wing Right Wing Time % Phy DF OF
1 Bryan Little Max Pacioretty Kyle Okposo 40 1 2 2
2 Derick Brassard Ville Leino Eric Fehr 30 1 2 2
3 Brandon Sutter Pat Rissmiller Mark Mancari 15 1 2 2
4 Lars Eller Vojtech Polak Derek Dorsett 15 1 2 2
5 vs 5 Defense
Defense Defense Time % Phy DF OF
1 Matt Lashoff John Erskine 35 1 2 2
2 Kyle Quincey Jonathan Paiement 30 1 2 2
3 Steven Kampfer Mike Rathje 25 1 2 2
4 Mike Rathje Mike Funk 10 1 2 2
PowerPlay Forward
Center Left Wing Right Wing Time % Phy DF OF
1 Bryan Little Max Pacioretty Eric Fehr 60 1 2 2
2 Derick Brassard Ville Leino Kyle Okposo 40 1 2 2
PowerPlay Defense
Defense Defense Time % Phy DF OF
1 Mike Rathje Kyle Quincey 60 1 2 2
2 Matt Lashoff John Erskine 40 1 2 2
Penalty Kill 4 Players Forward
Center Wing Time % Phy DF OF
1 Brandon Sutter Niko Dimitrakos 60 1 2 2
2 Bryan Little Vojtech Polak 40 1 2 2
Penalty Kill 4 Players Defense
Defense Defense Time % Phy DF OF
1 Matt Lashoff John Erskine 60 1 2 2
2 Kyle Quincey Mike Rathje 40 1 2 2
Penalty Kill - 3 Players Forward
Forward Time % Phy DF OF
1 Bryan Little 60 1 2 2
2 Eric Fehr 40 1 2 2
Penalty Kill - 3 Players Defense
Defense Defense Time % Phy DF OF
1 Matt Lashoff John Erskine 60 1 2 2
2 Kyle Quincey Mike Rathje 40 1 2 2
4 vs 4 Forward
Center Wing Time % Phy DF OF
1 Derick Brassard Eric Fehr 60 1 2 2
2 Bryan Little Niko Dimitrakos 40 1 2 2
4 vs 4 Defense
Defense Defense Time % Phy DF OF
1 Mike Rathje John Erskine 60 1 2 2
2 Kyle Quincey Matt Lashoff 40 1 2 2
Last Minutes Offensive
Center Left Wing Right Wing Defense Defense
Derick Brassard Max Pacioretty Kyle Okposo Mike Rathje John Erskine
Last Minutes Defensive
Center Left Wing Right Wing Defense Defense
Bryan Little Ville Leino Eric Fehr Mike Rathje John Erskine
Goaltenders
Starting : Jonas Gustavsson
Backup : Jhonas Enroth
Extra Forwards
Normal : Kyle Okposo, Max Pacioretty, Mark Mancari - PP : Kyle Okposo, Max Pacioretty - PK : Mark Mancari
Extra Defensemen
Normal : Kyle Quincey, Mike Rathje, Jonathan Paiement - PP : Kyle Quincey - PK : Mike Rathje, Jonathan Paiement
Penalty Shots
Kyle Okposo, Eric Fehr, Derick Brassard, Niko Dimitrakos, Max Pacioretty
Thunder
5 vs 5 Forward
Center Left Wing Right Wing Time % Phy DF OF
1 Shawn Matthias Scott Parse Phil Kessel 40 1 2 2
2 Tom Pyatt Dany Roussin Adam Hall 30 1 2 2
3 Jerred Smithson Daniel Winnik Pierre-Alexandre Parentea20 1 2 2
4 Brandon Mashinter Colton Gillies Joey Crabb 10 1 2 2
5 vs 5 Defense
Defense Defense Time % Phy DF OF
1 Doug Janik Derek Peltier 40 1 2 2
2 Ray Macias Joey Ryan 30 1 2 2
3 Brett Festerling Kevin Montgomery 20 1 2 2
4 Colby Cohen Doug Janik 10 1 2 2
PowerPlay Forward
Center Left Wing Right Wing Time % Phy DF OF
1 Shawn Matthias Scott Parse Phil Kessel 60 1 2 2
2 Tom Pyatt Dany Roussin Adam Hall 40 1 2 2
PowerPlay Defense
Defense Defense Time % Phy DF OF
1 Doug Janik Derek Peltier 60 1 2 2
2 Ray Macias Joey Ryan 40 1 2 2
Penalty Kill 4 Players Forward
Center Wing Time % Phy DF OF
1 Adam Hall Tom Pyatt 60 1 2 2
2 Pierre-Alexandre ParenteaScott Parse 40 1 2 2
Penalty Kill 4 Players Defense
Defense Defense Time % Phy DF OF
1 Doug Janik Derek Peltier 60 1 2 2
2 Ray Macias Joey Ryan 40 1 2 2
Penalty Kill - 3 Players Forward
Forward Time % Phy DF OF
1 Adam Hall 60 1 2 2
2 Tom Pyatt 40 1 2 2
Penalty Kill - 3 Players Defense
Defense Defense Time % Phy DF OF
1 Doug Janik Derek Peltier 60 1 2 2
2 Ray Macias Joey Ryan 40 1 2 2
4 vs 4 Forward
Center Wing Time % Phy DF OF
1 Adam Hall Phil Kessel 60 1 2 2
2 Pierre-Alexandre ParenteaScott Parse 40 1 2 2
4 vs 4 Defense
Defense Defense Time % Phy DF OF
1 Doug Janik Derek Peltier 60 1 2 2
2 Ray Macias Joey Ryan 40 1 2 2
Last Minutes Offensive
Center Left Wing Right Wing Defense Defense
Shawn Matthias Scott Parse Phil Kessel Doug Janik Derek Peltier
Last Minutes Defensive
Center Left Wing Right Wing Defense Defense
Shawn Matthias Scott Parse Adam Hall Doug Janik Derek Peltier
Goaltenders
Starting : Adam Munro
Backup : Semyon Varlamov
Extra Forwards
Normal : Daniel Winnik, Jerred Smithson, Joey Crabb - PP : Daniel Winnik, Jerred Smithson - PK : Joey Crabb
Extra Defensemen
Normal : Brett Festerling, Kevin Montgomery, Colby Cohen - PP : Brett Festerling - PK : Kevin Montgomery, Colby Cohen
Penalty Shots
Adam Hall, Phil Kessel, Pierre-Alexandre Parenteau, Scott Parse, Dany Roussin
% Time on Ice - Sewer Rats
Lines # - Real PCT - Wanted PCT - Time Play
Normal Forward
1 - 38% - 40% - 18:40
2 - 27% - 30% - 13:25
3 - 17% - 15% - 8:21
4 - 18% - 15% - 9:02
Normal Defense
1 - 35% - 35% - 17:26
2 - 32% - 30% - 15:37
3 - 24% - 25% - 11:43
4 - 10% - 10% - 4:42
PP Forward
1 - 55% - 60% - 3:18
2 - 45% - 40% - 2:43
PP Defense
1 - 62% - 60% - 3:43
2 - 38% - 40% - 2:18
PK Forward
1 - 74% - 60% - 3:20
2 - 26% - 40% - 1:11
PK Defense
1 - 65% - 60% - 2:57
2 - 35% - 40% - 1:34
PK3 Forward
1 - 0% - 60%
2 - 0% - 40%
PK3 Defense
1 - 0% - 60%
2 - 0% - 40%
44 Forward
1 - 0% - 60%
2 - 0% - 40%
44 Defense
1 - 0% - 60%
2 - 0% - 40%
Last Minute Offensive - 0:00
Last Minute Defensive - 0:00
Total
Forward - 60:00
Defense - 60:00
|
% Time on Ice - Thunder
Lines # - Real PCT - Wanted PCT - Time Play
Normal Forward
1 - 34% - 40% - 17:00
2 - 30% - 30% - 14:47
3 - 19% - 20% - 9:13
4 - 17% - 10% - 8:28
Normal Defense
1 - 40% - 40% - 19:42
2 - 31% - 30% - 15:21
3 - 21% - 20% - 10:35
4 - 8% - 10% - 3:50
PP Forward
1 - 63% - 60% - 2:51
2 - 37% - 40% - 1:40
PP Defense
1 - 72% - 60% - 3:14
2 - 28% - 40% - 1:17
PK Forward
1 - 71% - 60% - 4:17
2 - 29% - 40% - 1:44
PK Defense
1 - 61% - 60% - 3:39
2 - 39% - 40% - 2:22
PK3 Forward
1 - 0% - 60%
2 - 0% - 40%
PK3 Defense
1 - 0% - 60%
2 - 0% - 40%
44 Forward
1 - 0% - 60%
2 - 0% - 40%
44 Defense
1 - 0% - 60%
2 - 0% - 40%
Last Minute Offensive - 0:00
Last Minute Defensive - 0:00
Total
Forward - 60:00
Defense - 60:00
|
Play by Play
1st period
0:01 of 1st period - Shawn Matthias wins face-off versus Bryan Little in neutral zone.
0:26 of 1st period - Ville Leino is hit by Tom Pyatt and loses puck.
1:14 of 1st period - Snap shot by Colton Gillies.
1:14 of 1st period - Shot Blocked by Jonathan Paiement.
1:36 of 1st period - Slapshot by Max Pacioretty.
1:36 of 1st period - Shot Misses the Net.
1:43 of 1st period - Icing by Joey Ryan.
1:44 of 1st period - Dany Roussin wins face-off versus Derick Brassard in Thunder zone.
2:17 of 1st period - Off-side.
2:18 of 1st period - Shawn Matthias wins face-off versus Bryan Little in neutral zone.
2:21 of 1st period - John Erskine is hit by Shawn Matthias and loses puck.
2:41 of 1st period - Icing by Doug Janik.
2:42 of 1st period - Lars Eller wins face-off versus Tom Pyatt in Thunder zone.
2:43 of 1st period - Snap shot by Vojtech Polak.
2:43 of 1st period - Deflect By Derek Dorsett.
2:43 of 1st period - Shot Misses the Net.
2:43 of 1st period - Puck is out of play.
2:44 of 1st period - Lars Eller wins face-off versus Tom Pyatt in Thunder zone.
2:51 of 1st period - Backhand shot by Dany Roussin.
2:51 of 1st period - Deflect By Adam Hall.
2:51 of 1st period - Shot Misses the Net.
2:51 of 1st period - Puck is out of play.
2:52 of 1st period - Ville Leino wins face-off versus Shawn Matthias in Sewer Rats zone.
4:12 of 1st period - Wrist shot by Daniel Winnik.
4:12 of 1st period - Stopped by Jonas Gustavsson with a rebound.
4:14 of 1st period - Snap shot by Daniel Winnik.
4:14 of 1st period - Stopped by Jonas Gustavsson with a rebound.
4:24 of 1st period - Slapshot by Joey Crabb.
4:24 of 1st period - Deflect By Brandon Mashinter.
4:24 of 1st period - Stopped by Jonas Gustavsson with a rebound.
4:26 of 1st period - Snap shot by Brandon Mashinter.
4:26 of 1st period - Stopped by Jonas Gustavsson with a rebound.
4:28 of 1st period - Slapshot by Joey Crabb.
4:28 of 1st period - Shot Misses the Net.
4:30 of 1st period - Slapshot by Derek Peltier.
4:30 of 1st period - Stopped by Jonas Gustavsson with a rebound.
5:22 of 1st period - Wrist shot by Phil Kessel.
5:22 of 1st period - Stopped by Jonas Gustavsson without a rebound.
5:23 of 1st period - Pat Rissmiller wins face-off versus Shawn Matthias in Sewer Rats zone.
5:23 of 1st period - Pat Rissmiller is hit by Scott Parse.
5:35 of 1st period - Wrist shot by Phil Kessel.
5:35 of 1st period - Stopped by Jonas Gustavsson with a rebound.
5:37 of 1st period - Slapshot by Ray Macias.
5:37 of 1st period - Stopped by Jonas Gustavsson without a rebound.
5:38 of 1st period - Bryan Little wins face-off versus Tom Pyatt in Sewer Rats zone.
5:51 of 1st period - Wrist shot by Adam Hall.
5:51 of 1st period - Shot Misses the Net.
6:12 of 1st period - Slapshot by Phil Kessel.
6:12 of 1st period - Stopped by Jonas Gustavsson with a rebound.
6:24 of 1st period - Matt Lashoff is hit by Jerred Smithson.
6:45 of 1st period - Off-side.
6:46 of 1st period - Bryan Little wins face-off versus Brandon Mashinter in neutral zone.
7:01 of 1st period - Backhand shot by Max Pacioretty.
7:01 of 1st period - Goal by Max Pacioretty - Sewer Rats : 1 - Thunder : 0.
7:02 of 1st period - Shawn Matthias wins face-off versus Derick Brassard in neutral zone.
7:04 of 1st period - Off-side.
7:05 of 1st period - Derick Brassard wins face-off versus Shawn Matthias in neutral zone.
7:32 of 1st period - Slapshot by Bryan Little.
7:32 of 1st period - Shot Misses the Net.
8:11 of 1st period - Brandon Sutter is hit by Brandon Mashinter and loses puck.
8:20 of 1st period - Slapshot by Brett Festerling.
8:20 of 1st period - Stopped by Jonas Gustavsson without a rebound.
8:21 of 1st period - Bryan Little wins face-off versus Shawn Matthias in Sewer Rats zone.
8:21 of 1st period - Bryan Little is hit by Shawn Matthias.
8:31 of 1st period - Slapshot by Bryan Little.
8:31 of 1st period - Stopped by Adam Munro without a rebound.
8:32 of 1st period - Shawn Matthias wins face-off versus Derick Brassard in Thunder zone.
8:32 of 1st period - Shawn Matthias is hit by Matt Lashoff.
8:35 of 1st period - Minor Penalty to John Erskine for Hooking.
8:36 of 1st period - Brandon Sutter wins face-off versus Shawn Matthias in Sewer Rats zone.
8:47 of 1st period - Wrist shot by Phil Kessel.
8:47 of 1st period - Shot Blocked by Brandon Sutter.
9:08 of 1st period - Snap shot by Adam Hall.
9:08 of 1st period - Goal by Adam Hall - Sewer Rats : 1 - Thunder : 1.
9:09 of 1st period - Shawn Matthias wins face-off versus Bryan Little in neutral zone.
9:12 of 1st period - Wrist shot by Phil Kessel.
9:12 of 1st period - Shot Misses the Net.
9:14 of 1st period - Snap shot by Derek Peltier.
9:14 of 1st period - Shot Blocked by John Erskine.
9:34 of 1st period - John Erskine is hit by Tom Pyatt and loses puck.
10:00 of 1st period - Slapshot by Mike Rathje.
10:00 of 1st period - Stopped by Adam Munro with a rebound.
10:58 of 1st period - Snap shot by Joey Crabb.
10:58 of 1st period - Shot Blocked by Ville Leino.
11:00 of 1st period - Snap shot by Phil Kessel.
11:00 of 1st period - Stopped by Jonas Gustavsson with a rebound.
11:02 of 1st period - Slapshot by Doug Janik.
11:02 of 1st period - Stopped by Jonas Gustavsson without a rebound.
11:03 of 1st period - Tom Pyatt wins face-off versus Bryan Little in Sewer Rats zone.
11:16 of 1st period - Snap shot by Dany Roussin.
11:16 of 1st period - Deflect By Adam Hall.
11:16 of 1st period - Goal by Adam Hall - Sewer Rats : 1 - Thunder : 2.
11:17 of 1st period - Phil Kessel wins face-off versus Bryan Little in neutral zone.
11:53 of 1st period - Ville Leino is hit by Tom Pyatt and loses puck.
12:12 of 1st period - Slapshot by Vojtech Polak.
12:12 of 1st period - Stopped by Adam Munro with a rebound.
12:14 of 1st period - Slapshot by Matt Lashoff.
12:14 of 1st period - Stopped by Adam Munro without a rebound.
12:15 of 1st period - Kyle Okposo wins face-off versus Phil Kessel in Thunder zone.
12:20 of 1st period - Wrist shot by Bryan Little.
12:20 of 1st period - Goal by Bryan Little - Sewer Rats : 2 - Thunder : 2.
12:21 of 1st period - Bryan Little wins face-off versus Scott Parse in neutral zone.
12:47 of 1st period - Ville Leino is hit by Doug Janik and loses puck.
12:52 of 1st period - Snap shot by Adam Hall.
12:52 of 1st period - Shot Misses the Net.
13:29 of 1st period - Snap shot by Bryan Little.
13:29 of 1st period - Shot Misses the Net.
13:31 of 1st period - Snap shot by Max Pacioretty.
13:31 of 1st period - Goal by Max Pacioretty - Sewer Rats : 3 - Thunder : 2.
13:32 of 1st period - Bryan Little wins face-off versus Shawn Matthias in neutral zone.
14:16 of 1st period - Adam Hall is hit by Eric Fehr and loses puck.
14:23 of 1st period - Wrist shot by Derick Brassard.
14:23 of 1st period - Stopped by Adam Munro with a rebound.
15:48 of 1st period - Minor Penalty to Derick Brassard for Interference.
15:49 of 1st period - Shawn Matthias wins face-off versus Brandon Sutter in Sewer Rats zone.
15:50 of 1st period - Snap shot by Phil Kessel.
15:50 of 1st period - Stopped by Jonas Gustavsson without a rebound.
15:51 of 1st period - Brandon Sutter wins face-off versus Shawn Matthias in Sewer Rats zone.
16:46 of 1st period - Kyle Quincey is hit by Jannik Hansen and loses puck.
17:48 of 1st period - Penalty to Derick Brassard is over, Derick Brassard is back on ice.
18:27 of 1st period - Doug Janik is hit by Mike Rathje and loses puck.
19:22 of 1st period - Brandon Mashinter is hit by Pat Rissmiller and loses puck.
2nd period
0:01 of 2nd period - Bryan Little wins face-off versus Shawn Matthias in neutral zone.
0:26 of 2nd period - Snap shot by Pat Rissmiller.
0:26 of 2nd period - Shot Misses the Net.
0:28 of 2nd period - Snap shot by Jonathan Paiement.
0:28 of 2nd period - Deflect By Doug Janik.
0:28 of 2nd period - Stopped by Adam Munro without a rebound.
0:29 of 2nd period - Brandon Sutter wins face-off versus Jerred Smithson in Thunder zone.
0:32 of 2nd period - Snap shot by Mark Mancari.
0:32 of 2nd period - Shot Misses the Net.
0:34 of 2nd period - Slapshot by Kyle Quincey.
0:34 of 2nd period - Stopped by Adam Munro without a rebound.
0:35 of 2nd period - Shawn Matthias wins face-off versus Max Pacioretty in Thunder zone.
0:51 of 2nd period - Off-side.
0:52 of 2nd period - Eric Fehr wins face-off versus Jerred Smithson in neutral zone.
1:17 of 2nd period - Shawn Matthias is hit by Bryan Little.
1:23 of 2nd period - Wrist shot by Phil Kessel.
1:23 of 2nd period - Deflect By Scott Parse.
1:23 of 2nd period - Goal by Scott Parse - Sewer Rats : 3 - Thunder : 3.
1:24 of 2nd period - Shawn Matthias wins face-off versus Bryan Little in neutral zone.
1:27 of 2nd period - Kyle Okposo is hit by Scott Parse and loses puck.
1:50 of 2nd period - John Erskine is hit by Doug Janik and loses puck.
3:20 of 2nd period - Mark Mancari is hit by Derek Peltier and loses puck.
4:03 of 2nd period - Snap shot by Eric Fehr.
4:03 of 2nd period - Deflect By Joey Crabb.
4:03 of 2nd period - Stopped by Adam Munro without a rebound.
4:04 of 2nd period - Max Pacioretty wins face-off versus Shawn Matthias in Thunder zone.
4:05 of 2nd period - Wrist shot by Bryan Little.
4:05 of 2nd period - Stopped by Adam Munro with a rebound.
4:07 of 2nd period - Snap shot by Kyle Okposo.
4:07 of 2nd period - Goal by Kyle Okposo - Sewer Rats : 4 - Thunder : 3.
4:08 of 2nd period - Bryan Little wins face-off versus Shawn Matthias in neutral zone.
4:10 of 2nd period - Kyle Quincey is hit by Colby Cohen.
4:34 of 2nd period - Jerred Smithson is hit by Vojtech Polak and loses puck.
4:43 of 2nd period - Snap shot by Derek Dorsett.
4:43 of 2nd period - Shot Blocked by Pierre-Alexandre Parenteau.
4:59 of 2nd period - Wrist shot by Eric Fehr.
4:59 of 2nd period - Shot Blocked by Adam Hall.
5:01 of 2nd period - Slapshot by John Erskine.
5:01 of 2nd period - Shot Misses the Net.
5:03 of 2nd period - Slapshot by Eric Fehr.
5:03 of 2nd period - Stopped by Adam Munro with a rebound.
5:05 of 2nd period - Slapshot by John Erskine.
5:05 of 2nd period - Stopped by Adam Munro without a rebound.
5:06 of 2nd period - Bryan Little wins face-off versus Shawn Matthias in Thunder zone.
5:07 of 2nd period - Wrist shot by Max Pacioretty.
5:07 of 2nd period - Stopped by Adam Munro without a rebound.
5:08 of 2nd period - Bryan Little wins face-off versus Shawn Matthias in Thunder zone.
5:09 of 2nd period - Wrist shot by Max Pacioretty.
5:09 of 2nd period - Stopped by Adam Munro without a rebound.
5:10 of 2nd period - Shawn Matthias wins face-off versus Bryan Little in Thunder zone.
5:10 of 2nd period - Shawn Matthias is hit by Max Pacioretty.
5:16 of 2nd period - Wrist shot by Phil Kessel.
5:16 of 2nd period - Stopped by Jonas Gustavsson with a rebound.
5:18 of 2nd period - Slapshot by Scott Parse.
5:18 of 2nd period - Stopped by Jonas Gustavsson without a rebound.
5:19 of 2nd period - Bryan Little wins face-off versus Shawn Matthias in Sewer Rats zone.
5:19 of 2nd period - Bryan Little is hit by Shawn Matthias.
6:32 of 2nd period - Off-side.
6:33 of 2nd period - Jerred Smithson wins face-off versus Bryan Little in neutral zone.
6:36 of 2nd period - Slapshot by Pierre-Alexandre Parenteau.
6:36 of 2nd period - Goal by Pierre-Alexandre Parenteau - Sewer Rats : 4 - Thunder : 4.
6:37 of 2nd period - Jerred Smithson wins face-off versus Bryan Little in neutral zone.
6:48 of 2nd period - Wrist shot by Jerred Smithson.
6:48 of 2nd period - Stopped by Jonas Gustavsson with a rebound.
6:50 of 2nd period - Slapshot by Joey Ryan.
6:50 of 2nd period - Stopped by Jonas Gustavsson with a rebound.
6:52 of 2nd period - Wrist shot by Jerred Smithson.
6:52 of 2nd period - Shot Misses the Net.
6:59 of 2nd period - Icing by Matt Lashoff.
7:00 of 2nd period - Derick Brassard wins face-off versus Tom Pyatt in Sewer Rats zone.
7:00 of 2nd period - Derick Brassard is hit by Adam Hall.
7:03 of 2nd period - Icing by Eric Fehr.
7:04 of 2nd period - Tom Pyatt wins face-off versus Derick Brassard in Sewer Rats zone.
7:09 of 2nd period - Slapshot by Adam Hall.
7:09 of 2nd period - Stopped by Jonas Gustavsson without a rebound.
7:10 of 2nd period - Phil Kessel wins face-off versus Bryan Little in Sewer Rats zone.
7:46 of 2nd period - Snap shot by Adam Hall.
7:46 of 2nd period - Shot Misses the Net.
7:58 of 2nd period - Jonathan Paiement is hit by Brandon Mashinter and loses puck.
8:17 of 2nd period - Slapshot by Derick Brassard.
8:17 of 2nd period - Shot Misses the Net.
8:19 of 2nd period - Slapshot by Matt Lashoff.
8:19 of 2nd period - Deflect By Pierre-Alexandre Parenteau.
8:19 of 2nd period - Stopped by Adam Munro without a rebound.
8:20 of 2nd period - Bryan Little wins face-off versus Jerred Smithson in Thunder zone.
8:21 of 2nd period - Slapshot by Mike Rathje.
8:21 of 2nd period - Shot Blocked by Pierre-Alexandre Parenteau.
8:54 of 2nd period - Derek Peltier is hit by Mike Rathje.
9:06 of 2nd period - Wrist shot by Joey Crabb.
9:06 of 2nd period - Shot Misses the Net.
9:09 of 2nd period - Minor Penalty to Colton Gillies for Boarding.
9:10 of 2nd period - Adam Hall wins face-off versus Bryan Little in Thunder zone.
9:54 of 2nd period - Pierre-Alexandre Parenteau is hit by Eric Fehr and loses puck.
11:07 of 2nd period - Mike Rathje is hit by Pierre-Alexandre Parenteau and loses puck.
11:09 of 2nd period - Penalty to Colton Gillies is over, Colton Gillies is back on ice.
11:18 of 2nd period - Slapshot by Pierre-Alexandre Parenteau.
11:18 of 2nd period - Shot Blocked by Bryan Little.
12:16 of 2nd period - Snap shot by Colton Gillies.
12:16 of 2nd period - Shot Misses the Net.
12:18 of 2nd period - Wrist shot by Pierre-Alexandre Parenteau.
12:18 of 2nd period - Stopped by Jonas Gustavsson with a rebound.
12:20 of 2nd period - Wrist shot by Scott Parse.
12:20 of 2nd period - Stopped by Jonas Gustavsson with a rebound.
12:22 of 2nd period - Snap shot by Scott Parse.
12:22 of 2nd period - Deflect By Pierre-Alexandre Parenteau.
12:22 of 2nd period - Stopped by Jonas Gustavsson with a rebound.
12:24 of 2nd period - Backhand shot by Pierre-Alexandre Parenteau.
12:24 of 2nd period - Stopped by Jonas Gustavsson with a rebound.
12:26 of 2nd period - Snap shot by Pierre-Alexandre Parenteau.
12:26 of 2nd period - Stopped by Jonas Gustavsson with a rebound.
12:42 of 2nd period - Slapshot by Pierre-Alexandre Parenteau.
12:42 of 2nd period - Stopped by Jonas Gustavsson with a rebound.
12:49 of 2nd period - Snap shot by Pierre-Alexandre Parenteau.
12:49 of 2nd period - Shot Misses the Net.
12:53 of 2nd period - Snap shot by Colton Gillies.
12:53 of 2nd period - Stopped by Jonas Gustavsson without a rebound.
12:54 of 2nd period - Tom Pyatt wins face-off versus Lars Eller in Sewer Rats zone.
13:31 of 2nd period - Off-side.
13:32 of 2nd period - Brandon Mashinter wins face-off versus Lars Eller in neutral zone.
13:37 of 2nd period - Wrist shot by Daniel Winnik.
13:37 of 2nd period - Stopped by Jonas Gustavsson with a rebound.
13:39 of 2nd period - Slapshot by Doug Janik.
13:39 of 2nd period - Stopped by Jonas Gustavsson with a rebound.
13:41 of 2nd period - Slapshot by Doug Janik.
13:41 of 2nd period - Stopped by Jonas Gustavsson with a rebound.
13:43 of 2nd period - Slapshot by Derek Peltier.
13:43 of 2nd period - Stopped by Jonas Gustavsson without a rebound.
13:44 of 2nd period - Tom Pyatt wins face-off versus Lars Eller in Sewer Rats zone.
14:14 of 2nd period - Snap shot by Daniel Winnik.
14:14 of 2nd period - Stopped by Jonas Gustavsson without a rebound.
14:15 of 2nd period - Brandon Sutter wins face-off versus Brandon Mashinter in Sewer Rats zone.
14:41 of 2nd period - Brandon Sutter is hit by Joey Crabb and loses puck.
14:52 of 2nd period - Slapshot by Kyle Quincey.
14:52 of 2nd period - Shot Blocked by Doug Janik.
14:54 of 2nd period - Slapshot by Kyle Quincey.
14:54 of 2nd period - Shot Blocked by Derek Peltier.
14:56 of 2nd period - Slapshot by Jonathan Paiement.
14:56 of 2nd period - Shot Misses the Net.
14:58 of 2nd period - Slapshot by Kyle Quincey.
14:58 of 2nd period - Shot Blocked by Derek Peltier.
15:00 of 2nd period - Snap shot by Kyle Quincey.
15:00 of 2nd period - Shot Misses the Net.
15:32 of 2nd period - Slapshot by Pat Rissmiller.
15:32 of 2nd period - Shot Misses the Net.
15:34 of 2nd period - Wrist shot by Mark Mancari.
15:34 of 2nd period - Stopped by Adam Munro with a rebound.
15:38 of 2nd period - Snap shot by Pat Rissmiller.
15:38 of 2nd period - Shot Blocked by Doug Janik.
15:40 of 2nd period - Snap shot by Mark Mancari.
15:40 of 2nd period - Stopped by Adam Munro with a rebound.
15:42 of 2nd period - Slapshot by Mike Funk.
15:42 of 2nd period - Stopped by Adam Munro with a rebound.
15:46 of 2nd period - Slapshot by Pat Rissmiller.
15:46 of 2nd period - Deflect By Mark Mancari.
15:46 of 2nd period - Shot Blocked by Joey Crabb.
15:46 of 2nd period - Puck is out of play.
15:47 of 2nd period - Shawn Matthias wins face-off versus Lars Eller in Thunder zone.
17:46 of 2nd period - Bryan Little is hit by Adam Hall and loses puck.
19:19 of 2nd period - Max Pacioretty is hit by Joey Crabb and loses puck.
19:52 of 2nd period - Pierre-Alexandre Parenteau is hit by Mike Rathje and loses puck.
3rd period
0:01 of 3rd period - Bryan Little wins face-off versus Shawn Matthias in neutral zone.
0:07 of 3rd period - Minor Penalty to Shawn Matthias for Holding Stick.
0:08 of 3rd period - Adam Hall wins face-off versus Eric Fehr in Thunder zone.
2:07 of 3rd period - Penalty to Shawn Matthias is over, Shawn Matthias is back on ice.
2:16 of 3rd period - Brett Festerling is hit by John Erskine and loses puck.
2:33 of 3rd period - Joey Crabb is hit by Pat Rissmiller and loses puck.
2:42 of 3rd period - Snap shot by Mark Mancari.
2:42 of 3rd period - Goal by Mark Mancari - Sewer Rats : 5 - Thunder : 4.
2:43 of 3rd period - Shawn Matthias wins face-off versus Bryan Little in neutral zone.
3:12 of 3rd period - Pierre-Alexandre Parenteau is hit by Eric Fehr and loses puck.
3:31 of 3rd period - Ray Macias is hit by Lars Eller and loses puck.
3:36 of 3rd period - Snap shot by Vojtech Polak.
3:36 of 3rd period - Deflect By Lars Eller.
3:36 of 3rd period - Shot Blocked by Tom Pyatt.
3:36 of 3rd period - Puck is out of play.
3:37 of 3rd period - Bryan Little wins face-off versus Shawn Matthias in Thunder zone.
3:40 of 3rd period - Snap shot by Bryan Little.
3:40 of 3rd period - Shot Misses the Net.
3:42 of 3rd period - Slapshot by Kyle Quincey.
3:42 of 3rd period - Deflect By Phil Kessel.
3:42 of 3rd period - Stopped by Adam Munro without a rebound.
3:43 of 3rd period - Shawn Matthias wins face-off versus Bryan Little in Thunder zone.
3:43 of 3rd period - Shawn Matthias is hit by Max Pacioretty.
4:11 of 3rd period - Slapshot by Eric Fehr.
4:11 of 3rd period - Stopped by Adam Munro with a rebound.
4:13 of 3rd period - Slapshot by Kyle Quincey.
4:13 of 3rd period - Shot Blocked by Ray Macias.
4:15 of 3rd period - Snap shot by Eric Fehr.
4:15 of 3rd period - Shot Blocked by Joey Ryan.
4:17 of 3rd period - Snap shot by Derick Brassard.
4:17 of 3rd period - Shot Misses the Net.
4:19 of 3rd period - Snap shot by Eric Fehr.
4:19 of 3rd period - Stopped by Adam Munro without a rebound.
4:20 of 3rd period - Bryan Little wins face-off versus Shawn Matthias in Thunder zone.
4:21 of 3rd period - Wrist shot by Max Pacioretty.
4:21 of 3rd period - Goal by Max Pacioretty - Sewer Rats : 6 - Thunder : 4.
4:21 of 3rd period - Semyon Varlamov enters game.
4:22 of 3rd period - Shawn Matthias wins face-off versus Bryan Little in neutral zone.
4:37 of 3rd period - Slapshot by Steven Kampfer.
4:37 of 3rd period - Stopped by Semyon Varlamov with a rebound.
4:51 of 3rd period - Off-side.
4:52 of 3rd period - Jerred Smithson wins face-off versus Derick Brassard in neutral zone.
5:03 of 3rd period - Snap shot by Daniel Winnik.
5:03 of 3rd period - Shot Misses the Net.
5:49 of 3rd period - Wrist shot by Vojtech Polak.
5:49 of 3rd period - Shot Misses the Net.
6:03 of 3rd period - Snap shot by Matt Lashoff.
6:03 of 3rd period - Deflect By Derek Dorsett.
6:03 of 3rd period - Deflect By Jerred Smithson.
6:03 of 3rd period - Shot Misses the Net.
6:03 of 3rd period - Puck is out of play.
6:04 of 3rd period - Bryan Little wins face-off versus Shawn Matthias in Thunder zone.
6:05 of 3rd period - Snap shot by Max Pacioretty.
6:05 of 3rd period - Shot Misses the Net.
6:07 of 3rd period - Wrist shot by Bryan Little.
6:07 of 3rd period - Shot Hit the Post.
6:09 of 3rd period - Snap shot by Kyle Okposo.
6:09 of 3rd period - Shot Misses the Net.
6:11 of 3rd period - Wrist shot by Bryan Little.
6:11 of 3rd period - Stopped by Semyon Varlamov with a rebound.
6:13 of 3rd period - Snap shot by Kyle Okposo.
6:13 of 3rd period - Goal by Kyle Okposo - Sewer Rats : 7 - Thunder : 4.
6:14 of 3rd period - Bryan Little wins face-off versus Shawn Matthias in neutral zone.
6:23 of 3rd period - Off-side.
6:24 of 3rd period - Bryan Little wins face-off versus Shawn Matthias in neutral zone.
6:33 of 3rd period - Wrist shot by Bryan Little.
6:33 of 3rd period - Shot Misses the Net.
6:40 of 3rd period - Kyle Quincey is hit by Shawn Matthias.
6:42 of 3rd period - Wrist shot by Bryan Little.
6:42 of 3rd period - Shot Misses the Net.
7:02 of 3rd period - Backhand shot by Max Pacioretty.
7:02 of 3rd period - Shot Misses the Net.
7:04 of 3rd period - Slapshot by Kyle Okposo.
7:04 of 3rd period - Shot Misses the Net.
7:40 of 3rd period - Snap shot by Max Pacioretty.
7:40 of 3rd period - Shot Misses the Net.
7:52 of 3rd period - Icing by Max Pacioretty.
7:53 of 3rd period - Tom Pyatt wins face-off versus Bryan Little in Sewer Rats zone.
7:54 of 3rd period - Wrist shot by Adam Hall.
7:54 of 3rd period - Stopped by Jonas Gustavsson without a rebound.
7:55 of 3rd period - Tom Pyatt wins face-off versus Derick Brassard in Sewer Rats zone.
8:20 of 3rd period - Derick Brassard is hit by Colton Gillies and loses puck.
8:25 of 3rd period - Snap shot by Joey Crabb.
8:25 of 3rd period - Goal by Joey Crabb - Sewer Rats : 7 - Thunder : 5.
8:26 of 3rd period - Derick Brassard wins face-off versus Tom Pyatt in neutral zone.
8:31 of 3rd period - Tom Pyatt is hit by Ville Leino and loses puck.
8:42 of 3rd period - Slapshot by Derek Peltier.
8:42 of 3rd period - Stopped by Jonas Gustavsson without a rebound.
8:43 of 3rd period - Bryan Little wins face-off versus Shawn Matthias in Sewer Rats zone.
8:43 of 3rd period - Bryan Little is hit by Phil Kessel.
8:52 of 3rd period - Minor Penalty to Scott Parse for Hooking.
8:53 of 3rd period - Bryan Little wins face-off versus Adam Hall in Thunder zone.
8:54 of 3rd period - Snap shot by Eric Fehr.
8:54 of 3rd period - Deflect By Bryan Little.
8:54 of 3rd period - Shot Blocked by Derek Peltier.
8:54 of 3rd period - Puck is out of play.
8:55 of 3rd period - Bryan Little wins face-off versus Adam Hall in Thunder zone.
9:30 of 3rd period - Derek Peltier is hit by Kyle Quincey and loses puck.
9:35 of 3rd period - Snap shot by Derick Brassard.
9:35 of 3rd period - Shot Blocked by Pierre-Alexandre Parenteau.
9:37 of 3rd period - Slapshot by Kyle Quincey.
9:37 of 3rd period - Stopped by Semyon Varlamov with a rebound.
9:39 of 3rd period - Slapshot by Mike Rathje.
9:39 of 3rd period - Shot Blocked by Doug Janik.
10:52 of 3rd period - Penalty to Scott Parse is over, Scott Parse is back on ice.
11:04 of 3rd period - Wrist shot by Scott Parse.
11:04 of 3rd period - Shot Hit the Post.
11:06 of 3rd period - Slapshot by Doug Janik.
11:06 of 3rd period - Shot Blocked by Matt Lashoff.
11:08 of 3rd period - Snap shot by Scott Parse.
11:08 of 3rd period - Shot Blocked by Matt Lashoff.
11:24 of 3rd period - Backhand shot by Mark Mancari.
11:24 of 3rd period - Shot Blocked by Joey Crabb.
11:28 of 3rd period - Wrist shot by Mark Mancari.
11:28 of 3rd period - Goal by Mark Mancari - Sewer Rats : 8 - Thunder : 5.
11:29 of 3rd period - Bryan Little wins face-off versus Shawn Matthias in neutral zone.
11:44 of 3rd period - Bryan Little is hit by Ray Macias and loses puck.
12:41 of 3rd period - Icing by Brett Festerling.
12:42 of 3rd period - Pierre-Alexandre Parenteau wins face-off versus Lars Eller in Thunder zone.
12:42 of 3rd period - Pierre-Alexandre Parenteau is hit by Vojtech Polak.
12:47 of 3rd period - Off-side.
12:48 of 3rd period - Shawn Matthias wins face-off versus Bryan Little in neutral zone.
12:52 of 3rd period - Minor Penalty to Bryan Little for Goalie Interference.
12:53 of 3rd period - Brandon Sutter wins face-off versus Shawn Matthias in Sewer Rats zone.
14:22 of 3rd period - John Erskine is hit by Dany Roussin and loses puck.
14:47 of 3rd period - Vojtech Polak is hit by Jerred Smithson and loses puck.
14:52 of 3rd period - Penalty to Bryan Little is over, Bryan Little is back on ice.
15:45 of 3rd period - Kevin Montgomery is hit by Eric Fehr and loses puck.
16:00 of 3rd period - Snap shot by Bryan Little.
16:00 of 3rd period - Shot Misses the Net.
17:18 of 3rd period - Snap shot by Derick Brassard.
17:18 of 3rd period - Shot Blocked by Dany Roussin.
18:19 of 3rd period - Minor Penalty to Phil Kessel for Hooking.
18:20 of 3rd period - Bryan Little wins face-off versus Adam Hall in Thunder zone.
18:23 of 3rd period - Snap shot by Bryan Little.
18:23 of 3rd period - Goal by Bryan Little - Sewer Rats : 9 - Thunder : 5.
18:24 of 3rd period - Bryan Little wins face-off versus Shawn Matthias in neutral zone.
18:28 of 3rd period - Off-side.
18:29 of 3rd period - Phil Kessel wins face-off versus Bryan Little in neutral zone.
18:31 of 3rd period - Doug Janik is hit by Matt Lashoff and loses puck.
18:44 of 3rd period - Wrist shot by Bryan Little.
18:44 of 3rd period - Stopped by Semyon Varlamov without a rebound.
18:45 of 3rd period - Tom Pyatt wins face-off versus Derick Brassard in Thunder zone.
18:45 of 3rd period - Tom Pyatt is hit by Matt Lashoff.
19:07 of 3rd period - Icing by Ville Leino.
19:08 of 3rd period - Derick Brassard wins face-off versus Shawn Matthias in Sewer Rats zone.
19:15 of 3rd period - Wrist shot by Kyle Okposo.
19:15 of 3rd period - Goal by Kyle Okposo - Sewer Rats : 10 - Thunder : 5.
19:16 of 3rd period - Bryan Little wins face-off versus Shawn Matthias in neutral zone.
19:25 of 3rd period - Slapshot by Bryan Little.
19:25 of 3rd period - Deflect By Kyle Okposo.
19:25 of 3rd period - Stopped by Semyon Varlamov without a rebound.
19:26 of 3rd period - Shawn Matthias wins face-off versus Bryan Little in Thunder zone.
19:31 of 3rd period - Backhand shot by Phil Kessel.
19:31 of 3rd period - Deflect By Max Pacioretty.
19:31 of 3rd period - Stopped by Jonas Gustavsson without a rebound.
19:32 of 3rd period - Shawn Matthias wins face-off versus Bryan Little in Sewer Rats zone.
19:41 of 3rd period - Snap shot by Phil Kessel.
19:41 of 3rd period - Shot Blocked by Bryan Little.
19:43 of 3rd period - Wrist shot by Doug Janik.
19:43 of 3rd period - Deflect By Mike Rathje.
19:43 of 3rd period - Stopped by Jonas Gustavsson without a rebound.
19:44 of 3rd period - Shawn Matthias wins face-off versus Bryan Little in Sewer Rats zone.
Output by the SimonT Hockey Simulator (STHS) for François Prévost -- Original Page W3C XHTML 1.0 Valid